AoeStats
← CTM | Pentrus

Lombardia

510257176Analyzed
4v4 RM · 14h ago on Sep 30, 2026· 15m 26s· 8 players
Game mode
Random Map
Map size
Large (8 player)
Population
200
Speed
Normal
Resources
Standard
Victory
Conquest
Starting age
Dark Age
Ending age
Imperial Age
RankedLock teamsTeams togetherTeam positionsShared explorationLock speedFull tech treeHidden civsTurbo modeCheats
Victory
Defeat
🇦🇷 Saracens · Argentina
1537
+12
🇦🇷 Jurchens · Argentina
1478
+14
🇳🇴 Danes · Norway
1429
+17
🇦🇷 Hindustanis · Argentina
1351
+19
🇵🇪 Saracens · Peru
1520
-19
🇲🇽 Magyars · Mexico
1480
-17
🇲🇽 Vietnamese · Mexico
1387
-13
🇲🇽 Mongols · Mexico
1382
-13
CTM | Pentrus
5:38 Loom
10:13 Feudal Age
Manquito 3000
2:06 Loom
9:11 Feudal Age
Hila Artz
8:50 Feudal Age
9:57 Loom
9:57 Horse Collar
11:03 Double-Bit Axe
13:09 Bloodlines
viktorcal999
5:55 Loom
9:17 Feudal Age
PNAL | ToroARG
6:42 Loom
8:59 Feudal Age
10:05 Double-Bit Axe
15:42 Wheelbarrow
PNAL | Trafalgar
6:20 Loom
8:46 Feudal Age
10:29 Double-Bit Axe
12:44 Fletching
PNAL | ale_petro
7:22 Loom
9:36 Feudal Age
11:11 Double-Bit Axe
PNAL | Machete
6:41 Loom
8:56 Feudal Age
10:29 Double-Bit Axe
11:05 Man-at-Arms
Connection lost

Rejoining the realm…

Still unreachable

The connection could not be restored.

Session expired

The server has moved on; the page needs a fresh start.